 Dungeon Crawl Stone Soup version 0.19.1 (webtiles) character file.

4715 Vasilisck the Skirmisher (level 10, -1/80 HPs)
             Began as a Demonspawn Gladiator on Nov 30, 2016.
             Was a Priest of Qazlal.
             Slain by a white ugly thing (24 damage)
             ... on level 9 of the Dungeon on Dec 11, 2016.
             The game lasted 00:19:57 (6284 turns).

Vasilisck the Skirmisher (Demonspawn Gladiator)     Turns: 6284, Time: 00:19:59

Health: -1/80      AC: 17    Str: 23 (24) XL:     10   Next: 22%
Magic:  10/10      EV: 14    Int:  9      God:    Qazlal [***...]
Gold:   328        SH:  4    Dex: 12      Spells: 0 memorised, 9 levels left

rFire  + . .     SeeInvis +     a - +1 long sword
rCold  . . .     Gourm    .     y - +6 chain mail of the Yeti {rC+}
rNeg   . . .     Faith    .     (no shield)
rPois  +         Spirit   .     (helmet restricted)
rElec  .         Reflect  .     s - +0 cloak of a treasure trove {rF+ rC- SInv Stlth+} (curse)
rCorr  .         Harm     .     (no gloves)
MR     +....                    (no boots)
Stlth  ..........               q - amulet of regeneration
                                m - ring of poison resistance
                                g - +1 ring of evasion

@: mighty
A: antennae 1, claws 2, talons 1, clumsy 1, deterioration 1, magic resistance 1,
powered by pain 1, spiny 2, sturdy frame 2
a: Upheaval, Elemental Force, Renounce Religion


You were on level 9 of the Dungeon.
You worshipped Qazlal.
Qazlal was most pleased with you.
You were not hungry.

You visited 2 branches of the dungeon, and saw 10 of its levels.

You collected 546 gold pieces.
You spent 218 gold pieces at shops.

Inventory:

Hand Weapons
 a - a +1 long sword (weapon)
 A - the +4 Vampire's Tooth {vamp}
   (You found it on level 4 of the Dungeon)

   It inflicts no extra harm, but heals its wielder when it wounds a living foe.
Missiles
 w - 5 throwing nets (quivered)
Armour
 r - a +1 helmet
 s - the cursed +0 cloak of a treasure trove (worn) {rF+ rC- SInv Stlth+}
   (You found it on level 8 of the Dungeon)

   It protects you from fire.
   It makes you vulnerable to cold.
   It lets you see invisible.
   It makes you more stealthy.
   It has a curse placed upon it.
 y - the +6 chain mail of the Yeti (worn) {rC+}
   (You bought it in a shop on level 4 of the Dungeon)

   It protects you from cold.
Jewellery
 g - a +1 ring of evasion (left claw)
 m - a ring of poison resistance (right claw)
 q - an amulet of regeneration (around neck)
 F - an uncursed ring of ice
Wands
 c - a wand of teleportation (2/9)
 d - a wand of lightning (3/15)
 E - a wand of polymorph (8/24)
Scrolls
 e - a scroll of magic mapping
 i - 5 scrolls of identify
 u - a scroll of remove curse
 v - a scroll of recharging
 x - 2 scrolls of immolation
 z - a scroll of enchant armour {unknown}
 D - 3 scrolls of teleportation
Potions
 b - a potion of degeneration {unknown}
 h - a potion of lignification
 l - 2 potions of cancellation
 o - 3 potions of heal wounds
 p - a potion of resistance
 t - a potion of experience {unknown}
 B - a potion of flight {unknown}
 C - a potion of curing
Comestibles
 f - 5 bread rations
 j - 2 slices of pizza
 k - 3 meat rations
 n - 3 fruits


   Skills:
 + Level 7.8 Fighting
 + Level 7.3 Long Blades
 - Level 1.8 Throwing
 + Level 6.7 Armour
 + Level 7.5 Dodging


You had 9 spell levels left.
You didn't know any spells.

Dungeon Overview and Level Annotations

Branches:
Dungeon (9/15)             Temple (1/1) D:4
   Lair: D:8-11         Orc: D:9-12

Altars:
Dithmenos
Elyvilon
Fedhas
Gozag
Kikubaaqudgha
Makhleb
Nemelex Xobeh
Qazlal
Ru
Sif Muna
Trog
Uskayaw
Xom
Yredelemnul
Zin
The Shining One

Shops:
D:4 [[}(}   D:9 (


Innate Abilities, Weirdness & Mutations

You have very sharp fingernails.
You sometimes gain a little power by taking damage.
You are mostly covered in sharp spines.
Your movements are less encumbered by armour. (ER -4)
You have a pair of small antennae on your head.
You have sharp toenails.
You are clumsy. (Dex -2)
Your body sometimes deteriorates upon taking damage.
You are resistant to hostile enchantments. (MR+)


Message History

The white ugly thing closely misses you.
You riposte.
You barely miss the white ugly thing.
You claw the white ugly thing, but do no damage.
The white ugly thing is moderately wounded.
Okay, then.
You hit the white ugly thing. You claw the white ugly thing!
The white ugly thing is heavily wounded.
The white ugly thing tentacle-slaps you but does no damage.
You slash the white ugly thing! Your kick misses the white ugly thing.
The white ugly thing is heavily wounded.
The white ugly thing is struck by your spines.
The white ugly thing tentacle-slaps you.
The white ugly thing freezes you!!
* * * LOW HITPOINT WARNING * * *
You feel much better.
The white ugly thing is struck by your spines.
The white ugly thing tentacle-slaps you!
* * * LOW HITPOINT WARNING * * *
The white ugly thing freezes you!!
You die...

#### ....# ##### ....#
#.... ######### .....#
#.... #.......##.....#
#.... ##
#.......#......# #....
... #.....§@u......#
#.... #..
#.......##...>.#
##|...
#.#####..............#
##<....
...#.........##.....#
#......
###.#.#.......#
#######.#####
#...†.#.......# #..#
#........####
######.## ##.$######
#......# #....##
##.######


You could see a white ugly thing.

Vanquished Creatures
  4 yaks (D:9)
  A hungry ghost (D:8)
  Menkaure (D:7)
  A water moccasin (D:7)
  Duvessa (D:7)
  2 sky beasts
  A black bear (D:6)
  5 ogres
  2 phantoms
  5 ice beasts
  A necrophage (D:6)
  2 crocodiles
  5 bullfrogs
  Dowan (D:7)
  10 killer bees (D:7)
  2 vampire bats (D:4)
  7 wights
  3 howler monkeys (D:9)
  2 crimson imps
  3 hounds
  2 orc priests
  A jelly (D:5)
  3 orc wizards
  2 iguanas
  4 worker ants
  2 hound skeletons (D:4)
  A worker ant zombie (D:8)
  8 adders
  8 gnolls (D:9)
  A howler monkey skeleton (D:5)
  A shadow imp (D:7)
  An ooze (D:2)
  2 adder zombies (D:5)
  4 worms
  2 dart slugs
  2 leopard geckos
  25 orcs
  3 giant cockroaches
  13 goblins
  10 hobgoblins
  11 jackals
  5 kobolds
  3 quokkas
  A ball python (D:1)
  12 bats
  6 frilled lizards
  A quokka skeleton (D:5)
  A quokka zombie (D:5)
  8 rats
202 creatures vanquished.

Notes
Turn   | Place    | Note
-------+----------+-------------------------------------------
     0 | D:1      | Vasilisck the Demonspawn Gladiator began the quest for the Orb.
     0 | D:1      | Reached XP level 1. HP: 16/16 MP: 1/1
   189 | D:1      | Gained mutation: You are partially covered in sharp spines. [demonic ancestry]
   189 | D:1      | Reached XP level 2. HP: 23/23 MP: 2/2
   585 | D:1      | Reached XP level 3. HP: 28/28 MP: 3/3
   713 | D:2      | Reached skill level 1 in Armour
  1030 | D:2      | Gained mutation: You have sharp fingernails. [demonic ancestry]
  1030 | D:2      | Reached XP level 4. HP: 32/34 MP: 4/4
  1703 | D:3      | Gained mutation: Your movements are slightly less encumbered by armour. (ER -2) [demonic ancestry]
  1703 | D:3      | Reached XP level 5. HP: 41/41 MP: 5/5
  2234 | D:4      | Found Vatham Jix's Gadget Shoppe.
  2248 | D:4      | Found Ceqaig's Armour Shoppe.
  2280 | D:4      | Found Xaschof's Gadget Shop.
  2280 | D:4      | Found Jokarcho's Antique Weapon Boutique.
  2314 | D:4      | Found a staircase to the Ecumenical Temple.
  2322 | D:4      | Noticed a phantom
  2324 | D:4      | Found Ereebluo's Antique Armour Emporium.
  2360 | D:4      | Killed a phantom
  2360 | D:4      | Gained mutation: You are mostly covered in sharp spines. [demonic ancestry]
  2360 | D:4      | Reached XP level 6. HP: 27/47 MP: 6/6
  2441 | D:4      | Bought a bloodstained chain mail for 218 gold pieces
  2451 | D:4      | Identified the +6 chain mail of the Yeti {rC+} (You bought it in a shop on level 4 of the Dungeon)
  2462 | Temple   | Entered the Ecumenical Temple
  2603 | Temple   | Became a worshipper of Qazlal Stormbringer
  2995 | D:5      | Entered Level 5 of the Dungeon
  3131 | D:5      | Gained mutation: You sometimes gain a little power by taking damage. [demonic ancestry]
  3131 | D:5      | Reached XP level 7. HP: 54/54 MP: 7/7
  4123 | D:5      | Reached * piety under Qazlal
  4249 | D:6      | Reached skill level 5 in Dodging
  4331 | D:6      | Reached skill level 5 in Fighting
  4331 | D:6      | Reached skill level 5 in Long Blades
  4331 | D:6      | Gained mutation: Your movements are less encumbered by armour. (ER -4) [demonic ancestry]
  4331 | D:6      | Reached XP level 8. HP: 62/62 MP: 8/8
  4374 | D:6      | Gained mutation: Armour fits poorly on your strangely shaped body. [mutagenic meat]
  4375 | D:6      | Gained mutation: You are resistant to hostile enchantments. (MR+) [mutagenic meat]
  4376 | D:6      | Gained mutation: You are clumsy. (Dex -2) [mutagenic meat]
  4377 | D:6      | Gained mutation: You have a pair of small antennae on your head. [mutagenic meat]
  4378 | D:6      | Lost mutation: Armour fits poorly on your strangely shaped body. [mutagenic meat]
  4382 | D:6      | Gained mutation: You have very sharp fingernails. [potion of mutation]
  4382 | D:6      | Gained mutation: You have sharp toenails. [potion of mutation]
  4382 | D:6      | Gained mutation: Your body sometimes deteriorates upon taking damage. [potion of mutation]
  4762 | D:7      | Noticed Duvessa
  4762 | D:7      | Noticed Dowan
  4766 | D:7      | Killed Duvessa
  4775 | D:7      | Killed Dowan
  4850 | D:7      | Reached skill level 5 in Armour
  4850 | D:7      | Reached XP level 9. HP: 69/69 MP: 9/9
  4991 | D:7      | Reached ** piety under Qazlal
  5161 | D:7      | Noticed Menkaure
  5165 | D:7      | Killed Menkaure
  5364 | D:8      | Got a steaming cloak
  5370 | D:8      | Identified the cursed +0 cloak of a treasure trove {rF+ rC- SInv Stlth+} (You found it on level 8 of the Dungeon)
  5968 | D:9      | Reached *** piety under Qazlal
  6009 | D:9      | Reached XP level 10. HP: 69/79 MP: 10/10
  6155 | D:9      | Found Uzaucir's Weapon Shoppe.
  6275 | D:9      | Noticed a white ugly thing
  6284 | D:9      | Slain by a white ugly thing

Skill      XL: |  1  2  3  4  5  6  7  8  9 |
---------------+----------------------------+-----
Dodging        | 3 4 5 6 7 |  7.5
Armour         | 1 2 3 5 6 |  6.7
Long Blades    | 3 4 5 7 |  7.3
Fighting       | 3 4 5 6 7 |  7.8
Throwing       | |  1.8

Action                   |  1- 3 |  4- 6 |  7- 9 | 10-12 || total
-------------------------+-------+-------+-------+-------++-------
Melee: Long sword        |    75 |   144 |   256 |    33 ||   508
       Kick              |       |       |    77 |    12 ||    89
  Use: Scroll            |       |    10 |     4 |       ||    14
       Potion            |       |     2 |     5 |     2 ||     9
 Stab: Sleeping          |     1 |       |       |       ||     1
  Eat: Chunk             |       |     6 |    13 |     2 ||    21
       Pizza             |       |     1 |       |       ||     1
       Royal jelly       |       |       |     1 |       ||     1
       Beef jerky        |       |       |     1 |       ||     1
Armor: Leather armour    |    13 |     2 |       |       ||    15
       Scale mail        |       |    18 |       |       ||    18
       Chain mail        |       |    26 |   113 |     7 ||   146
Dodge: Dodged            |    54 |    91 |   158 |    22 ||   325
Block: Other             |       |       |    12 |     7 ||    19
       Rpst.: Long sword |     7 |    26 |    60 |    10 ||   103
